 Dungeon Crawl Stone Soup version 0.30.1-4-g462c640d31 (webtiles) character file.

Game seed: 13807061220155546768

3485 boopmooplesden the Protected (level 9, -2/80 HPs)
             Began as an Armataur Fighter on Sept 8, 2023.
             Was a Believer of Okawaru.
             Slain by a two-headed ogre
             ... wielding a +0 giant club
              (14 damage)
             ... on level 8 of the Dungeon.
             The game lasted 00:09:23 (5939 turns).

boopmooplesden the Protected (Armataur Fighter)     Turns: 5939, Time: 00:09:25

Health: -2/80      AC: 19    Str: 29    XL:     9   Next: 79%
Magic:  8/9        EV:  4    Int:  8    God:    Okawaru [**....]
Gold:   819        SH:  6    Dex: 13    Spells: 8/8 levels left

rFire   . . .        K - +0 long sword (heavy)
rCold   . . .        c - +0 buckler
rNeg    . . .        t - +0 plate armour
rPois   .            M - +0 helmet
rElec   .            (no cloak)
rCorr   .            (no gloves)
SInv    +            n - +0 barding
Will    .....        h - amulet of regeneration Stlth
                     l - ring of see invisible
HPRegen 1.13/turn    B - +6 ring of strength
MPRegen 0.11/turn

%: roll
@: no status effects
A: large, rugged brown scales 3, deformed body, armoured tail, roll, long
tongue, awkward tongue
a: Renounce Religion, Heroism


You were on level 8 of the Dungeon.
You worshipped Okawaru.
Okawaru was pleased with you.
You visited 1 branch of the dungeon, and saw 8 of its levels.
You also visited: Ossuary.

You collected 819 gold pieces.

Inventory:

Hand Weapons
 a - a +0 long sword
 K - a +0 heavy long sword (weapon)
Armour
 b - a +0 scale mail
 c - a +0 buckler (worn)
 k - a +0 chain mail
 n - a +0 barding (worn)
 t - a +0 plate armour (worn)
 u - a +1 ring mail of cold resistance
 M - a +0 helmet (worn)
Jewellery
 h - an amulet of regeneration (around neck)
 l - a ring of see invisible (left hand)
 v - a +6 ring of dexterity
 y - a ring of fire
 B - a +6 ring of strength (right hand)
 C - a ring of willpower
 F - a +4 ring of protection
 G - a ring of positive energy
 I - a ring of willpower
 L - a ring of protection from fire
Wands
 z - a wand of flame (47)
 H - a wand of polymorph (6)
Scrolls
 f - 2 scrolls of immolation
 m - 2 scrolls of noise
 p - a scroll of magic mapping
 s - a scroll of fear
 x - 2 scrolls of fog
 E - 2 scrolls of amnesia
 J - 2 scrolls of identify
 N - a scroll of enchant armour {unknown}
Potions
 d - 3 potions of lignification
 e - 3 potions of heal wounds
 g - a potion of attraction {unknown}
 i - a potion of degeneration {unknown}
 j - 4 potions of berserk rage
 o - a potion of brilliance {unknown}
 q - 2 potions of curing
 r - 2 potions of haste {unknown}
 w - a potion of flight {unknown}
 A - 2 potions of might
 D - a potion of cancellation {unknown}


   Skills:
 + Level 6.0 Fighting
 + Level 8.0 Long Blades
 + Level 9.2 Armour
 + Level 1.6 Dodging
 + Level 0.3 Stealth
 + Level 7.1 Shields
 + Level 0.2 Invocations


You had 8 spell levels left.
You didn't know any spells.
Your spell library contained the following spells:

 Spells                   Type           Power      Damage    Failure   Level
 Sublimation of Blood     Necr           0%         N/A       99%         2
 Ozocubu's Armour         Ice            0%         N/A       100%        3
 Ozocubu's Refrigeration  Ice            0%         4d7       100%        7


Dungeon Overview and Level Annotations

Branches:
Dungeon (8/15)             Temple (0/1) D:4         Ossuary (visited)
   Lair: D:8-11

Altars:
Cheibriados
Dithmenos
Fedhas
Kikubaaqudgha
Makhleb
Okawaru
Sif Muna
Trog
Uskayaw
Vehumet
Wu Jian
Yredelemnul
Zin
The Shining One

Shops:
D:2 *


Innate Abilities, Weirdness & Mutations

You are completely covered in rugged brown scales. (AC +3, +7% HP)
Armour fits poorly on your strangely shaped body.
You have a long armoured tail.
You roll when moving toward enemies. (Rampage)
Your long tongue fully drains potion bottles. (2x potion effects)
Your tongue gives you trouble enunciating. (1.5x scroll delay)


Message History

You slice the gnoll sergeant!!
You kill the gnoll sergeant!
Okawaru accepts your kill. The gnoll barely misses you.
The gnoll hits you with a +0 whip.
Your base Fighting skill increases to level 6!
The gnoll hits you but does no damage.
Things that are here:
a +1 heavy spear; a +0 scale mail; a gnoll corpse You roll towards the two-headed ogre!
Found a stone staircase leading down.
You hit the two-headed ogre but do no damage.
The two-headed ogre hits you with a +0 giant club!
You block the two-headed ogre's attack.
You slice the two-headed ogre!!
The two-headed ogre is heavily wounded.
The gnoll hits you but does no damage. You block the gnoll's attack.
The two-headed ogre hits you but does no damage.
You block the two-headed ogre's attack.
You hit the two-headed ogre.
The two-headed ogre is heavily wounded.
You block the gnoll's attack. The gnoll hits you but does no damage.
You barely miss the two-headed ogre.
The two-headed ogre is heavily wounded.
You feel like a meek peon again. You block the gnoll's attack.
The two-headed ogre barely misses you.
The two-headed ogre hits you with a +0 giant club!
The gnoll hits you with a +0 whip.
You slice the two-headed ogre!!
Your tail-slap misses the two-headed ogre.
The two-headed ogre is almost dead.
The gnoll hits you but does no damage. x2
The two-headed ogre hits you with a +0 giant club!
You block the two-headed ogre's attack.
The gnoll hits you but does no damage. x2
You hit the two-headed ogre but do no damage.
Your tail-slap misses the two-headed ogre.
The two-headed ogre is almost dead.
You block the gnoll's attack.
The two-headed ogre hits you with a +0 giant club!
* * * LOW HITPOINT WARNING * * *
The two-headed ogre hits you with a +0 giant club!
You die...

#### ######
#......##....#
......##....#
.....##....#####
................
#####..............
#..................
#....#'##†.........
#....O@g)))........
.....#..g)<.........
... #....###...####
. #....# ...# #.....
...# ####... ...#
...>..... #.#.#.....
#.


You could see a two-headed ogre and 2 gnolls.

Vanquished Creatures
  The ghost of turdburglar the Insei, a novice DsTm of Okawaru (D:7)
  Pikel (D:4)
  The ghost of Xrynn the Covert, a novice SpEn of Okawaru (D:7)
  Eustachio (D:6)
  Edmund (D:6)
  An orc warrior (D:7)
  A sky beast (D:6)
  A black bear (D:6)
  5 ogres
  A kobold brigand (D:7)
  A bullfrog (D:8)
  4 scorpions
  A gnoll sergeant (D:8)
  5 hounds
  A gnoll bouda (D:5)
  2 sleepcaps
  5 iguanas
  Terence (D:2)
  2 orc wizards (D:7)
  2 mummies (Ossuary)
  9 gnolls
  7 adders
  A white imp (D:5)
  2 dart slugs
  8 orcs
  2 ball pythons (D:3)
  6 endoplasms
  3 giant cockroaches
  4 goblins
  3 hobgoblins (D:2)
  9 kobolds
  A quokka (D:1)
  A bat (D:2)
  A frilled lizard (D:1)
  5 gnoll zombies (Ossuary)
  4 goblin zombies (Ossuary)
  3 hobgoblin zombies (Ossuary)
  2 orc zombies (Ossuary)
  2 rats
111 creatures vanquished.

Vanquished Creatures (collateral kills)
  An ogre (D:4)
  A hound (D:4)
2 creatures vanquished.

Grand Total: 113 creatures vanquished

Notes
Turn   | Place    | Note
-------+----------+-------------------------------------------
     0 | D:1      | boopmooplesden the Armataur Fighter began the quest for the
                  | Orb.
     0 | D:1      | Reached XP level 1. HP: 19/19 MP: 1/1
   249 | D:1      | Reached XP level 2. HP: 26/26 MP: 2/2
   674 | D:2      | Found Xyosharo's Assorted Antiques.
   732 | D:2      | Reached skill level 4 in Armour
   768 | D:2      | Reached XP level 3. HP: 32/32 MP: 3/3
   923 | D:2      | Noticed Terence
   929 | D:2      | Killed Terence
   963 | D:2      | Found a glowing silver altar of Zin.
   966 | D:2      | Reached XP level 4. HP: 40/40 MP: 4/4
  1475 | D:3      | Noticed a scorpion
  1481 | D:3      | Killed a scorpion
  1482 | D:3      | Reached XP level 5. HP: 48/48 MP: 5/5
  1754 | D:3      | Identified the +0 hand axe "Tuelos" {holy, Str+2}
  1991 | D:4      | Noticed an ogre
  2010 | D:4      | Killed an ogre
  2298 | D:4      | Reached XP level 6. HP: 54/54 MP: 6/6
  2491 | D:4      | Noticed Pikel
  2516 | D:4      | Killed Pikel
  2517 | D:4      | Reached skill level 5 in Long Blades
  2517 | D:4      | Reached skill level 5 in Armour
  2517 | D:4      | Reached XP level 7. HP: 32/62 MP: 7/7
  2552 | D:4      | Found a snail-covered altar of Cheibriados.
  2554 | D:4      | Found a basalt altar of Yredelemnul.
  2554 | D:4      | Found a radiant altar of Vehumet.
  2554 | D:4      | Found an ancient bone altar of Kikubaaqudgha.
  2556 | D:4      | Found a shadowy altar of Dithmenos.
  2556 | D:4      | Found an iron altar of Okawaru.
  2556 | D:4      | Found a hide-covered altar of Uskayaw.
  2556 | D:4      | Found a blossoming altar of Fedhas.
  2588 | D:4      | Found a glowing golden altar of the Shining One.
  2714 | D:4      | Reached skill level 6 in Armour
  2943 | D:4      | Reached skill level 1 in Dodging
  2943 | D:4      | Reached skill level 5 in Shields
  3037 | D:4      | Found a staircase to the Ecumenical Temple.
  3341 | D:4      | Became a worshipper of Warmaster Okawaru
  3363 | D:5      | Entered Level 5 of the Dungeon
  3392 | D:5      | Reached XP level 8. HP: 19/70 MP: 8/8
  3789 | D:5      | Reached skill level 7 in Armour
  4115 | D:5      | Reached * piety under Okawaru
  4286 | D:6      | Found a sand-covered staircase.
  4306 | Ossuary  | Entered an ossuary
  4458 | D:6      | Noticed Edmund
  4475 | D:6      | Killed Edmund
  4546 | D:6      | Noticed Eustachio
  4589 | D:6      | Killed Eustachio
  4873 | D:6      | Reached XP level 9. HP: 78/78 MP: 9/9
  4970 | D:6      | Found an ornate altar of the Wu Jian Council.
  5309 | D:7      | Reached skill level 8 in Armour
  5321 | D:7      | Reached skill level 5 in Fighting
  5396 | D:7      | Reached ** piety under Okawaru
  5478 | D:7      | Found a shimmering blue altar of Sif Muna.
  5486 | D:7      | Got Sif Muna's Guide on the Cemetery
  5491 | D:7      | Found a bloodstained altar of Trog.
  5568 | D:7      | Found a runed translucent gate.
  5571 | D:7      | Found a runed translucent gate.
  5571 | D:7      | Found a runed translucent gate.
  5571 | D:7      | Noticed Xrynn's ghost (novice SpEn)
  5571 | D:7      | Noticed turdburglar's ghost (novice DsTm)
  5689 | D:7      | Found a burning altar of Makhleb.
  5870 | D:7      | Killed turdburglar's ghost
  5878 | D:7      | Killed Xrynn's ghost
  5879 | D:7      | Reached skill level 9 in Armour
  5930 | D:8      | Noticed a two-headed ogre
  5939 | D:8      | Slain by a two-headed ogre

Illustrated notes

Levels and vault maps discovered:
D:1:      dpeg_arrival_chambers_temple_mockup, layout_basic
D:2:      layout_loops_ring, serial_shops, shop, basic_altar, uniq_terence
D:3:      layout_loops_ring, roderic_roman_lattice, serial_bayou_pond_d
D:4:      layout_basic, tso_metal_star, grunt_temple_overflow_open,
          minmay_temple_entry_fiery, serial_curves, eino_curves_04,
          eino_curves_01, eino_curves_04, st_stairs_8, hex_medium,
          chequers_garden, uniq_pikel
D:5:      layout_basic, hangedman_decor_slide_cut
D:6:      layout_loops_ring, pdpol_wu_jian_five_deadly_venoms,
          nicolae_ossuary_entry_false_entrances, uniq_edmund, uniq_eustachio
D:7:      layout_rooms, nzn_overflow_gifts_of_might_and_magic,
          kennysheep_little_box, gammafunk_ghost_cemetery, due_unseen_surprise
D:8:      layout_basic, general_overflow_altar

Skill      XL: |  1  2  3  4  5  6  7  8  9 |
---------------+----------------------------+-----
Long Blades    | 2 3 5 6 8 |  8.0
Armour         | 4 5 6 7 9 |  9.2
Fighting       | 3 4 6 |  6.0
Shields        | 4 5 6 7 |  7.1
Dodging        | 1 |  1.6
Stealth        | |  0.3
Invocations    | |  0.2

Action                     |  1- 3 |  4- 6 |  7- 9 || total
---------------------------+-------+-------+-------++-------
  Melee: Long sword        |    78 |    98 |   383 ||   559
         Tailslap          |     7 |    16 |    64 ||    87
 Invoke: Heroism           |       |       |     3 ||     3
    Use: Scroll            |     3 |     4 |     7 ||    14
         Potion            |     1 |       |       ||     1
 Armour: Scale mail        |    43 |       |       ||    43
         Chain mail        |     1 |    14 |       ||    15
         Plate armour      |       |    63 |   326 ||   389
  Dodge: Dodged            |    25 |     9 |    76 ||   110
  Block: Buckler           |    15 |    26 |   113 ||   154
